Map: Bel'Shir Vestige LE (Void)

Players

IIIIllIIIIIl (Kas) - Winner!

  • Race: Terran Terran
  • League: Master
  • Spawn Location: 5:00

Railgan

  • Race: Zerg Zerg
  • League: Grandmaster
  • Spawn Location: 11:00

VOD

Have the link to the VOD?

Description

Time

  • Played on: March 17, 2017, 6:11 p.m.
  • Length: 20:21
Show
View Real Time Build Order
Export as new Build Order

IIIIllIIIIIl Terran - Winner!

Build Orders: Liberator Opening, Reaper Expand, MMM Bio 

Get SALT Encoding   

  12  0:01  SCV  
  13  0:13  SCV  
  14  0:17  Supply Depot  
  14  0:25  SCV  
  15  0:38  SCV  
  15  0:40  Barracks  
  16  0:44  Refinery  
  16  0:50  SCV  
  17  1:02  SCV  
  18  1:14  SCV  
  19  1:27  Orbital Command  
  19  1:28  Reaper  
  20  1:41  Command Center  
  21  1:54  Supply Depot, SCV  
  21  2:01  Barracks Reactor  
  21  2:06  SCV  
  22  2:24  Factory  
  22  2:25  SCV  
  23  2:35  Command Center  
  23  2:38  Marine x2  
  25  2:46  SCV  
  26  2:56  Marine x2  
  28  3:01  SCV  
  28  3:04  Refinery  
  28  3:05  Orbital Command  
  29  3:13  SCV  
  29  3:14  Starport  
  30  3:23  Hellion  
  30  3:24  Hellion  
  34  3:28  SCV  
  34  3:29  Barracks Tech Lab  
  34  3:32  SCV  
  36  3:36  Liberator  
  36  3:40  SCV  
  37  3:44  Hellion, SCV  
  37  3:45  Hellion  
  44  3:57  Orbital Command  
  44  3:58  SCV  
  44  3:59  SCV  
  46  4:03  Marine  
  46  4:07  Stimpack  
  47  4:10  SCV  
  47  4:12  SCV  
  47  4:14  Barracks  
  49  4:21  Barracks  
  49  4:22  SCV  
  49  4:23  Marine, Factory Reactor  
  49  4:31  SCV x2  
  49  4:35  SCV  
  52  4:39  Viking  
  52  4:43  SCV  
  55  4:46  SCV  
  55  4:47  Marine  
  55  4:49  SCV  
  58  4:55  SCV  
  58  4:57  Engineering Bay  
  58  4:58  Engineering Bay, SCV  
  60  5:02  Marine  
  60  5:06  Refinery  
  61  5:09  Factory Reactor  
  61  5:12  Supply Depot  
  61  5:14  Marine, SCV  
  61  5:15  SCV  
  61  5:17  Refinery  
  61  5:18  SCV  
  61  5:19  Marine  
  68  5:26  Marine  
  68  5:27  Marine x2  
  68  5:28  Terran Infantry Armor Level 1, Terran Infantry Weapons Level 1  
  69  5:33  Supply Depot  
  69  5:34  SCV  
  70  5:37  SCV  
  70  5:38  Marine x2  
  70  5:42  Supply Depot x2  
  73  5:43  Marine  
  73  5:49  Marine  
  71  5:55  SCV x2  
  71  5:56  SCV  
  75  5:58  Marine  
  74  6:08  Marine x3  
  74  6:09  Supply Depot  
  77  6:15  SCV x2  
  77  6:16  Marine  
  81  6:18  SCV  
  81  6:20  Combat Shields  
  81  6:21  Marine  
  81  6:22  Medivac x2, Factory Reactor  
  86  6:26  Marine x3  
  86  6:27  SCV x2  
  86  6:32  Supply Depot  
  91  6:34  Marine  
  91  6:35  SCV  
  91  6:39  Marine, SCV  
  95  6:42  Armory  
  95  6:44  Marine x2  
  97  6:50  Barracks x2  
  97  6:51  Marine  
  97  6:52  Marine  
  99  6:55  Medivac x2, SCV  
  99  7:00  Marine  
  105  7:09  SCV  
  105  7:10  Marine x2  
  105  7:12  SCV  
  105  7:14  Widow Mine x2, Orbital Command  
  113  7:22  SCV  
  114  7:24  SCV  
  114  7:28  Supply Depot  
  115  7:30  Marauder, Supply Depot  
  115  7:31  Terran Infantry Weapons Level 2  
  115  7:32  Terran Infantry Armor Level 2  
  117  7:37  Marine, SCV x2  
  117  7:42  Barracks Tech Lab  
  117  7:43  Barracks Reactor  
  117  7:45  Marine  
  117  7:46  SCV  
  117  7:48  Barracks x2  
  117  7:49  SCV  
  97  7:57  Widow Mine, Marauder  
  97  7:58  SCV  
  97  8:00  Medivac x2  
  97  8:01  Barracks  
  97  8:03  SCV  
  102  8:11  Marine x3, Marauder  
  102  8:12  Marine  
  108  8:14  SCV x2  
  108  8:15  SCV  
  108  8:19  Marauder  
  105  8:28  Widow Mine x2  
  105  8:30  Marine x5, Medivac x2  
  105  8:32  Marauder  
  105  8:33  SCV  
  121  8:36  Bunker  
  121  8:41  Barracks Tech Lab x2  
  121  8:43  Marine x2  
  121  8:48  Marine  
  124  8:49  Supply Depot  
  124  8:54  Marauder  
  124  8:55  Marine, Supply Depot  
  122  8:56  Marine  
  122  8:58  Marine x3  
  122  9:02  Marine, Marauder  
  124  9:03  Marine  
  122  9:11  Marine  
  122  9:13  Marine x2, Marauder  
  122  9:15  Marine  
  122  9:16  Marine x3  
  123  9:25  Marine x3  
  123  9:26  SCV  
  123  9:27  SCV  
  123  9:31  Marine  
  128  9:37  Liberator x2  
  128  9:38  SCV  
  130  9:41  Marine x2  
  130  9:42  Marauder  
  130  9:43  Barracks Reactor  
  130  9:44  Marauder, SCV  
  130  9:45  SCV  
  137  9:48  Marine, Marauder  
  140  9:59  SCV  
  141  10:02  Terran Infantry Weapons Level 3, Refinery x2  
  141  10:03  Ghost Academy  
  135  10:09  Marine x2, Marauder  
  135  10:10  Marine, Marauder  
  138  10:17  Marine  
  138  10:18  Marauder  
  138  10:19  Marine x2  
  138  10:20  Marauder  
  145  10:22  Marine x2  
  145  10:24  Orbital Command  
  130  10:39  Command Center  
  111  10:45  Marine  
  111  10:46  Marauder  
  113  10:56  SCV x3  
  116  11:01  Supply Depot  
  116  11:07  Bunker  
  116  11:08  SCV  
  116  11:11  Marine x4, Marauder x2  
  117  11:12  Marine, Liberator x2  
  117  11:15  Ghost x2  
  129  11:49  Missile Turret  
  129  11:52  Missile Turret  
  129  11:58  Ghost x2, Terran Infantry Armor Level 3  
  129  11:59  Marine x5  
  129  12:00  Marine  
  139  12:01  SCV  
  139  12:05  Supply Depot  
  140  12:09  Marine, Marauder x2  
  145  12:28  Ghost x2  
  145  12:29  Marine x2  
  150  12:40  Liberator x2  
  150  12:43  Missile Turret  
  150  12:44  Missile Turret  
  96  13:00  Ghost  
  94  13:06  Marine x3, Marauder x3  
  94  13:08  Marine  
  94  13:10  Marine x2  
  104  13:13  SCV  
  104  13:16  Marine  
  103  13:25  Marine x2  
  103  13:26  Marine  
  106  13:27  Marauder x3  
  106  13:29  Marauder  
  114  13:41  Marine x3  
  114  13:48  Ghost x3  
  117  13:51  Planetary Fortress  
  123  14:02  Liberator  
  123  14:03  Liberator  
  123  14:07  Missile Turret  
  123  14:21  Widow Mine  
  123  14:22  Widow Mine  
  123  14:23  Marine x2  
  135  14:27  Sensor Tower  
  134  14:45  Liberator x2  
  134  15:02  Refinery  
  134  15:03  Refinery, Starport  
  140  15:17  Widow Mine x2  
  141  15:21  Ghost  
  141  15:22  Marine x2  
  141  15:28  Ghost  
  147  15:35  Supply Depot x2  
  147  15:37  Supply Depot  
  147  15:54  Liberator x2  
  147  16:07  Ghost x3  
  147  16:10  Starport Reactor  
  159  16:11  Widow Mine x2  
  160  16:27  Personal Cloaking  
  133  17:05  Ghost x4  
  133  17:06  Marine x4  
  127  17:11  Marine x3  
  119  17:25  Marine x5  
  124  17:34  Marauder x4  
  125  17:42  Marine x3  
  125  17:43  Marine  
  128  17:55  Marauder  
  128  17:56  Marauder x3, Liberator  
  128  17:57  Liberator x2  
  136  18:12  Marine x6  
  140  18:13  Marine, Widow Mine x2  
  140  18:17  Marauder x4  
  164  18:37  Orbital Command  
  164  18:48  Marine  
  164  18:49  Marine, Marauder x2  
  164  18:51  Marine x3, Marauder x2  
  139  19:25  SCV x3  
  142  19:33  Medivac  
  143  19:43  Marauder x2  
Show
View Real Time Build Order
Export as new Build Order

Railgan Zerg 

Build Orders: Pool First 

Get SALT Encoding   

  12  0:01  Drone  
  13  0:12  Overlord  
  13  0:17  Drone  
  14  0:30  Drone x2  
  14  0:34  Drone  
  17  0:45  Drone  
  17  0:48  Spawning Pool  
  17  0:55  Drone  
  18  1:11  Hatchery  
  18  1:15  Drone  
  18  1:16  Extractor  
  17  1:18  Drone  
  18  1:28  Drone  
  19  1:37  Queen  
  19  1:38  Zergling x2  
  22  1:50  Overlord  
  22  2:11  Drone x2  
  22  2:12  Queen  
  26  2:19  Metabolic Boost  
  26  2:23  Queen  
  26  2:29  Drone x2  
  30  2:36  Drone x2  
  32  2:44  Drone x2  
  32  2:49  Overlord  
  32  2:50  Drone  
  32  2:51  Drone  
  36  2:54  Evolution Chamber  
  36  2:55  Drone  
  35  3:01  Zergling x2  
  36  3:07  Zergling x2  
  36  3:08  Zergling x2  
  38  3:16  Zergling x2  
  39  3:21  Zerg Ground Armor Level 1  
  39  3:26  Drone x4  
  43  3:31  Drone  
  43  3:32  Overlord  
  43  3:34  Extractor  
  43  3:55  Drone  
  43  3:56  Drone x3  
  43  3:59  Queen  
  43  4:01  Extractor, Drone x2, Overlord  
  50  4:03  Lair  
  50  4:04  Drone  
  50  4:05  Extractor  
  50  4:06  Zergling x4  
  52  4:12  Overlord  
  52  4:27  Drone x5  
  56  4:33  Drone  
  56  4:35  Zergling x2  
  56  4:36  Zergling x2  
  59  4:39  Zergling x2  
  60  4:46  Queen  
  60  4:47  Zergling x8  
  60  4:52  Zergling x2  
  67  4:56  Zergling x2  
  68  5:04  Overlord  
  68  5:05  Hydralisk Den, Overlord  
  67  5:07  Infestation Pit  
  67  5:08  Overlord  
  67  5:09  Drone, Burrow  
  68  5:35  Drone x2  
  70  5:44  Zergling x2  
  70  5:45  Zergling x10  
  70  5:49  Hatchery  
  74  5:51  Overlord, Pathogen Glands  
  72  6:02  Drone  
  72  6:10  Drone x2  
  73  6:11  Drone  
  73  6:16  Zerg Ground Armor Level 2  
  74  6:19  Evolution Chamber  
  73  6:27  Infestor x3  
  79  6:37  Overlord  
  79  6:38  Infestor  
  81  6:41  Drone x5  
  81  6:42  Overlord  
  81  6:45  Hive  
  86  6:51  Overlord  
  86  6:57  Zerg Melee Weapons Level 1  
  86  6:59  Zergling x2  
  86  7:00  Zergling x12  
  86  7:01  Overlord  
  93  7:06  Overlord  
  93  7:11  Infestor  
  93  7:13  Overlord  
  93  7:15  Spine Crawler  
  94  7:17  Spine Crawler  
  93  7:36  Drone x2  
  92  7:39  Infestor  
  92  7:41  Zergling x6  
  92  7:42  Zergling x10  
  102  7:50  Zergling x2  
  87  7:54  Zergling x8  
  85  7:59  Zergling x2  
  85  8:02  Infestor  
  85  8:03  Infestor  
  90  8:09  Ultralisk Cavern, Zergling x2  
  90  8:10  Zergling x4  
  90  8:12  Zergling x2  
  85  8:13  Zergling x6  
  86  8:24  Zergling x6  
  79  8:28  Zergling x6  
  82  8:42  Overseer  
  82  8:48  Zergling x16  
  90  8:54  Hatchery  
  88  8:59  Ultralisk x2  
  88  9:02  Chitinous Plating  
  100  9:05  Zergling x2  
  100  9:09  Zergling x2  
  100  9:13  Zergling x2  
  100  9:15  Overlord  
  100  9:16  Zergling x12  
  107  9:21  Zergling x2  
  105  9:27  Drone x3  
  105  9:29  Zergling x2  
  105  9:30  Zergling x2  
  106  9:34  Zerg Melee Weapons Level 2  
  101  9:46  Ultralisk  
  101  9:50  Overlord  
  104  10:06  Zergling x2  
  98  10:07  Zergling x4  
  98  10:12  Ultralisk  
  98  10:14  Zergling x8  
  102  10:29  Zergling x2  
  102  10:30  Zergling x2  
  98  10:37  Zergling x2  
  98  10:39  Zergling x2  
  98  10:40  Zergling x4  
  101  10:44  Zergling x2  
  97  10:52  Ultralisk  
  97  10:56  Ultralisk x2  
  109  11:05  Overseer  
  107  11:12  Hatchery  
  107  11:15  Ultralisk  
  112  11:23  Zergling x2  
  112  11:24  Overlord, Zergling x2  
  109  11:49  Hydralisk Den  
  109  11:50  Zerg Ground Armor Level 3  
  109  11:53  Zergling x10  
  113  12:04  Zergling x2  
  114  12:12  Zergling x10  
  117  12:49  Zergling x4  
  95  12:52  Zergling x14  
  95  13:00  Ultralisk  
  95  13:01  Zergling x2  
  95  13:02  Extractor  
  95  13:03  Extractor  
  92  13:16  Ultralisk  
  98  13:21  Zergling x6  
  98  13:27  Muscular Augments  
  99  13:30  Drone x2  
  99  13:33  Drone  
  96  13:51  Hydralisk x4  
  103  14:13  Zerg Melee Weapons Level 3  
  103  14:31  Hatchery  
  102  14:32  Hydralisk x2  
  101  14:41  Hydralisk x2  
  102  14:59  Hydralisk x6  
  108  15:08  Drone  
  108  15:09  Drone x2  
  111  15:15  Drone  
  111  15:21  Hydralisk  
  114  15:29  Viper  
  114  15:54  Hydralisk x3  
  120  16:10  Infestor x2  
  124  16:33  Overseer  
  85  17:02  Hydralisk  
  85  17:03  Hydralisk x5  
  90  17:17  Hatchery  
  89  17:25  Ultralisk  
  95  17:30  Zerg Missile Weapons Level 1  
  89  17:40  Infestor x2  
  89  17:46  Overseer  
  89  17:53  Ultralisk  
  87  18:00  Zergling x4  
  87  18:02  Extractor  
  87  18:03  Extractor  
  87  18:08  Zergling x4  
  89  18:23  Ultralisk  
  89  19:22  Ultralisk  
  96  19:24  Zergling x2  
  96  19:25  Zergling x6  
  88  19:52  Zergling x10  
  95  20:03  Hatchery  
Tags
 
Add a new tag
Caveats
  • Supply blocks, unpowered buildings, or Contaminate may cause inaccurate times.
  • Supply counts are checked every 10 seconds.